Map: Abyssal Reef LE

Players

Gremory

  • Race: Zerg Zerg
  • Spawn Location: 11:00

RiSky - Winner!

  • Race: Zerg Zerg
  • Spawn Location: 5:00

Event: IEM XI Katowice - World Championship 2017

VOD

Have the link to the VOD?

Description

Time

  • Played on: Feb. 28, 2017, 4:46 a.m.
  • Length: 4:00

All games in this series

Show
View Real Time Build Order
Export as new Build Order

Gremory Zerg 

Build Orders: Pool Only, Zergling Baneling 

Get SALT Encoding   

  12  0:17  Spawning Pool  
  11  0:22  Drone  
  11  0:27  Drone  
  13  0:33  Drone  
  13  0:35  Extractor  
  13  0:45  Overlord  
  13  1:06  Zergling x6  
  16  1:12  Queen  
  16  1:17  Zergling x2  
  19  1:29  Zergling x2  
  20  1:34  Metabolic Boost  
  20  1:43  Overlord  
  20  1:50  Zergling x2  
  21  2:00  Baneling Nest  
  20  2:05  Zergling x2  
  21  2:12  Zergling x2  
  22  2:24  Zergling x2  
  22  2:25  Zergling x2  
  24  2:31  Zergling x4  
  26  2:40  Zergling x2  
  26  2:44  Baneling x3  
  27  2:46  Baneling  
  27  2:54  Baneling  
  27  2:56  Zergling x2  
  28  3:00  Zergling x2  
  25  3:15  Zergling x4  
  26  3:21  Zergling x2  
  26  3:24  Zergling x2  
  28  3:27  Baneling x2  
  28  3:31  Baneling  
  27  3:35  Zergling x2  
  27  3:39  Zergling x2  
  29  3:44  Baneling  
Show
View Real Time Build Order
Export as new Build Order

RiSky Zerg - Winner!

Build Orders: Pool First 

Get SALT Encoding   

  12  0:00  Drone  
  13  0:12  Overlord  
  13  0:17  Drone  
  14  0:30  Drone x2  
  14  0:34  Drone  
  17  0:45  Spawning Pool  
  17  0:48  Drone  
  17  1:10  Hatchery  
  16  1:13  Drone  
  17  1:31  Queen  
  17  1:32  Zergling x6  
  22  1:42  Overlord  
  22  1:48  Spine Crawler  
  22  1:53  Zergling x2  
  22  2:05  Zergling x2  
  22  2:08  Queen  
  25  2:18  Zergling x2  
  26  2:23  Queen  
  26  2:25  Zergling x2  
  29  2:31  Zergling x2  
  30  2:37  Overlord  
  30  2:42  Spine Crawler  
  29  2:46  Queen  
  29  3:14  Queen  
  29  3:18  Zergling x8  
  29  3:19  Zergling x4  
  37  3:40  Drone x3  
  40  3:42  Drone  
  40  3:46  Drone  

Tags
 
Add a new tag
Caveats
  • Supply blocks, unpowered buildings, or Contaminate may cause inaccurate times.
  • Supply counts are checked every 10 seconds.